cohdb
Replays
Latest Replays
All Replays
Popular Replays
Top Player Replays
Match Explorer
How It Works
Community
CoH3 Stats
Reddit
Sign in to upload your games and track your stats! →
Sign in with Steam
Match 42221564
Unlisted
Match 42221564
Overview
Messages
Build Orders
End
Kradschützen Motorcycle Team
Selects Panzerjäger Kommand Battlegroup
Selects Mine Fields
Panzerpioneer Squad
Panzerpioneer Squad
Construct Light Support Kompanie
Panzerjäger Squad
2.5-tonne Medical Truck
Panzerjäger Squad
Panzerpioneer Squad
Construct Mechanized Kompanie
Forward Retreat Point
Construct Panzerarmee Kommand
Selects Tank Busters
Selects Early Warning
Selects Butterfly Bomb Drop
Early Warning
Walking Stuka Rocket Launcher
Panzerjäger Squad
Butterfly Bomb Drop
Early Warning
Butterfly Bomb Drop
tony
KIMCHISM
Pugipa
DOGGIE
wila
LittleFatty233
打精锐的李云龙!
滑落的照片让我变沉默
0
0
Comments
sign in to comment!
No comments posted yet!